 Dungeon Crawl Stone Soup version 0.31.0 (webtiles) character file.

Game seed: 8544290400984545721

62 CaptainMV the Ruffian (level 4, 0/57 HPs)
             Began as a Naga Shapeshifter on Jan 19, 2024.
             Slain by a ribbon worm (2 damage)
             ... on level 3 of the Dungeon.
             The game lasted 00:08:50 (1259 turns).

CaptainMV the Ruffian (Naga Shapeshifter)           Turns: 1259, Time: 00:08:51

Health: 0/57       AC: 22    Str: 16    XL:     4   Next: 8%
Magic:  4/4        EV:  1    Int: 13    God:
Gold:   171        SH:  0    Dex: 10    Spells: 2/3 levels left

rFire   . .          .
                       - Unarmed
rCold   . . .        l - orb {light}
rNeg    . . .        a - melded +0 animal skin
rPois   +            (helmet currently unavailable)
rElec   .            j - melded +0 cloak
rCorr   .            (gloves currently unavailable)
SInv    +            (no barding)
Will    .....        i - amulet of magic regeneration
Stlth   +            h - ring of wizardry
HPRegen 0.29/turn    (no ring)
MPRegen 0.49/turn

%: wizardry (x1)
@: tree-form, glowing
A: stationary, stasis, torment immunity, boosted hp, AC +1, large, see
invisible, (deformed body), (poison resistance), (slowness 2), spit poison 1,
(naga tail 1)
a: Spit Poison


You were on level 3 of the Dungeon.
You were a tree.
You visited 1 branch of the dungeon, and saw 3 of its levels.

You collected 171 gold pieces.

Inventory:

Missiles
 e - 5 poisoned darts (quivered)
Armour
 a - a +0 animal skin (melded)
 j - a +0 cloak (melded)
 l - an orb of light (worn)
Jewellery
 h - a ring of wizardry (left branch)
 i - an amulet of magic regeneration (around neck)
Talismans
 c - a beast talisman
 d - a flux talisman (active)
Potions
 f - a potion of curing {unknown}
 g - 2 potions of haste {unknown}


   Skills:
 + Level 1.4 Fighting
 + Level 1.9 Dodging
 + Level 0.9 Stealth
 + Level 3.9 Unarmed Combat
 + Level 3.4 Shapeshifting


You had 2 spell levels left.
You knew the following spells:

 Your Spells              Type           Power      Damage    Failure   Level
a - Summon Small Mammal   Summ           0%         N/A       12%         1

Your spell library contained the following spells:

 Spells                   Type           Power      Damage    Failure   Level
 Slow                     Hex            0%         N/A       12%         1
 Call Canine Familiar     Summ           0%         N/A       34%         3
 Confusing Touch          Hex            0%         N/A       34%         3
 Sigil of Binding         Hex            0%         N/A       34%         3
 Vampiric Draining        Necr           0%         2d6       34%         3
 Summon Blazeheart Golem  Fire/Summ      0%         N/A       73%         4


Dungeon Overview and Level Annotations

Branches:
Dungeon (3/15)

Altars:

Annotations:
D:3 Grinder, Terence


Innate Abilities, Weirdness & Mutations

You are a tree.
Your roots penetrate the ground, keeping you stationary.
You cannot be teleported.
You are immune to unholy pain and torment.
Your maximum health is greatly increased.
Your equipment is partially melded.
((Your serpentine skin is tough. (AC +1)))
You have supernaturally acute eyesight. (SInv)
((Armour fits poorly on your strangely shaped body.))
((Your system is resistant to poisons. (rPois)))
((You cover ground very slowly.))
You can spit poison.
((You have a snake-like lower body.))


Message History

You closely miss the adder. The adder barely misses you.
You miss the adder. The adder bites you. The ribbon worm bites you.
The adder misses you.
You hit the adder.
The adder begins to glow.
The adder is heavily wounded.
The adder bites you.
* * * LOW HITPOINT WARNING * * *
You hit the adder.
The adder glows dangerously bright.
The adder is heavily wounded.
The ribbon worm closely misses you. The adder bites you.
* * * LOW HITPOINT WARNING * * *
You are lethally poisoned!
The adder poisons you!
Your transformation has ended.
Your orb of light unmelds from your body.
Your +0 animal skin unmelds from your body.
You turn into a tree.
Your +0 cloak melds into your body.
Your +0 animal skin melds into your body.
Your roots penetrate the ground.
You feel sick. The adder barely misses you.
The ribbon worm splashes around in the water.
You hit the adder.
The adder is severely wounded.
You feel sick. The adder bites you but does no damage.
The ribbon worm expels a string of sticky webbing.
The stream of webbing hits you but does no damage.
You are caught in a web!
You struggle to detach yourself from the web.
You feel sick.
The adder bites you but does no damage. x2
The web tears apart.
You hear the slow rusting of a drain.
You feel sick.
The ribbon worm bites you but does no damage.
The adder bites you.
* * * LOW HITPOINT WARNING * * *
You smack the adder!
You kill the adder!
You feel sick.
You are no longer poisoned.
The ribbon worm bites you.
You die...

####.### # #..#
##.# #.# . #.# ...
############.#...#
~~~~~~#.†......#
##~#~#~~†.########
~~~~~.w♣..#
..~......##
.........#
#........#
##########


You could see a ribbon worm (catching breath).

Vanquished Creatures
  3 adders (D:3)
  3 ribbon worms
  4 ball pythons
  An endoplasm (D:2)
  2 giant cockroaches (D:2)
  4 goblins
  2 hobgoblins
  3 kobolds
  2 quokkas
  5 bats
  2 frilled lizards
  7 rats
38 creatures vanquished.

Notes
Turn   | Place    | Note
-------+----------+-------------------------------------------
     0 | D:1      | CaptainMV the Naga Shapeshifter began the quest for the
                  | Orb.
     0 | D:1      | Reached XP level 1. HP: 18/18 MP: 1/1
   328 | D:1      | Reached XP level 2. HP: 25/25 MP: 2/2
   709 | D:2      | Found a faded altar of an unknown god.
   850 | D:2      | Reached XP level 3. HP: 4/31 MP: 3/3
   920 | D:2      | Learned a level 1 spell: Summon Small Mammal
  1112 | D:3      | Noticed Grinder
  1116 | D:3      | Noticed Terence
  1123 | D:3      | Paralysed by Grinder for 3 turns
  1238 | D:3      | Reached XP level 4. HP: 23/38 MP: 4/4
  1259 | D:3      | HP: 2/57 [poisoned by an adder]
  1259 | D:3      | Slain by a ribbon worm

Illustrated notes

Levels and vault maps discovered:
D:1:      kennysheep_arrival_seaside, layout_basic, bh_walls_and_bars
D:2:      layout_basic, nicolae_ecumenical_snake_handling
D:3:      layout_rooms, lightli_sewer_entry_pipes, nicolae_shop_vocational,
          uniq_grinder, uniq_terence, uniq_natasha

Action                     |  1- 3 |  4- 6 || total
---------------------------+-------+-------++-------
  Melee: Unarmed           |   106 |    13 ||   119
    Use: Scroll            |     3 |       ||     3
         Potion            |       |     1 ||     1
   Stab: Sleeping          |     1 |       ||     1
 Armour: Animal skin       |    24 |       ||    24
         Skin              |    38 |    15 ||    53
  Dodge: Dodged            |    75 |    10 ||    85
   Form: Flux              |     1 |       ||     1
